[Event "21st Hogeschool Zeeland 2017"]
[Site "Vlissingen"]
[Date "2017.08.08"]
[Round "5"]
[White "Kuipers, Stefan"]
[Black "Nguyen, Kevin"]
[Result "1/2-1/2"]
[ECO "C77"]
[WhiteElo "2399"]
[BlackElo "2224"]
[Annotator "NA"]
[PlyCount "42"]
[EventDate "2017.??.??"]
[SourceTitle "playchess.com"]
[Source "ChessBase"]
[SourceQuality "1"]
[TimeControl "40/5400+30:1800+30"]

1. e4 e5 2. Nf3 Nc6 3. Bb5 a6 4. Ba4 Nf6 5. d3 b5 6. Bb3 Bc5 7. Nc3 d6 {[%emt 0:00:45] C77: Ruy Lopez: 3...a6 4 Ba4 Nf6, unusual lines} 8. Nd5 h6 9. c3 O-O 10. O-O Rb8 {[%emt 0:00:35] LiveBook: 54 Games} 11. d4 (11. Nxf6+ Qxf6 12. h3 Ne7 13. d4 Bb6 14. Be3 Ng6 15. a4 {1-0 (45) Caruana,F (2808)-Mamedyarov,S (2800) Paris 2017}) 11... Ba7 12. Be3 Ng4 13. dxe5 Nxe3 14. Nxe3 Nxe5 $146 ({Predecessor:} 14... Bxe3 15. fxe3 dxe5 16. Qxd8 Nxd8 17. Nxe5 {½-½ (78) Kuipers,S (2404)-De Jong,J (2454) Netherlands 2016}) 15. Nxe5 dxe5 16. Qxd8 Rxd8 17. Nd5 Rd7 18. Rfd1 (18. Nb4 $11 {keeps the balance.} Bb7 19. Rad1) 18... a5 19. a3 $17 c6 20. Ne3 Bxe3 21. fxe3 Kf8 1/2-1/2